 Dungeon Crawl Stone Soup version 0.21.1-1-g345015f (webtiles) character file.

26 Iko the Stinger (level 2, 0/11 HPs)
             Began as a Felid Venom Mage on June 10, 2018.
             Slain by a sky beast (6 damage)
             ... on level 5 of the Dungeon.
             The game lasted 00:04:47 (437 turns).

Iko the Stinger (Felid Venom Mage)                   Turns: 437, Time: 00:04:47

Health: 0/11       AC:  1    Str:  9    XL:     2   Next: 89%
Magic:  5/6        EV: 18    Int: 16    God:
Gold:   60         SH:  0    Dex: 16    Spells: 4/5 levels left
                                        Lives:  0   Deaths: 0

rFire    . . .     SeeInvis +   (weapon unavailable)
rCold    . . .     Gourm    .   (shield unavailable)
rNeg     . . .     Faith    .   (armour unavailable)
rPois    .         Spirit   .   (helmet unavailable)
rElec    .         Reflect  .   (cloak unavailable)
rCorr    .         Harm     .   (gloves unavailable)
MR       .....                  (boots unavailable)
Stlth    +++.......             (no amulet)
HPRegen  0.03/turn              (no ring)
MPRegen  0.10/turn              (no ring)

@: mighty, very slightly contaminated, quick
A: very small, no armour, no weapons or thrown items, stealth, claws 1, fangs 3,
see invisible, carnivore, speed 1, shaggy fur 1, slow metabolism 1, sharp paws
a: no special abilities


You were on level 5 of the Dungeon.
You were not hungry.

You visited 1 branch of the dungeon, and saw 5 of its levels.

You collected 60 gold pieces.

Inventory:

Scrolls
 e - 2 scrolls of amnesia
 f - a scroll of identify
Potions
 c - a potion of curing
 d - a potion of magic
Books
 a - a Young Poisoner's Handbook

   Spells                             Type                      Level
   a - Sting                          Conjuration/Poison           1
   b - Poisonous Vapours              Poison/Air                   2
   c - Mephitic Cloud                 Conjuration/Poison/Air       3
   d - Olgreb's Toxic Radiance        Poison                       4
   e - Venom Bolt                     Conjuration/Poison           5
Comestibles
 b - 3 rations


   Skills:
 + Level 2.8 Dodging
 + Level 2.9 Stealth
 + Level 0.3 Unarmed Combat
 + Level 2.2 Spellcasting
 + Level 1.3 Conjurations
 + Level 3.2 Poison Magic


You had 4 spell levels left.
You knew the following spells:

 Your Spells              Type           Power        Failure   Level  Hunger
a - Sting                 Conj/Pois      #...         8%          1    #......


Dungeon Overview and Level Annotations

Branches:
Dungeon (5/15)
 Temple: D:4-7

Altars:


Innate Abilities, Weirdness & Mutations

You cannot wear armour.
You are incapable of wielding weapons or throwing items.
Your paws allow you to move quietly. (Stealth)
You have sharp claws.
You have razor-sharp teeth.
You have supernaturally acute eyesight. (SInv)
You are carnivorous and can eat meat at any time.
You cover ground quickly.
You are covered in fur. (AC +1)
You have a slow metabolism.
Your sharp claws are effective at attacking unaware monsters.


Message History

You claw the adder skeleton!
You destroy the adder skeleton!
f - a scroll of identify
Found a stone staircase leading down.
Found a stone staircase leading up.
A sky beast comes into view.
Found 2 potions of heal wounds.
Casting: Sting
Confirm with . or Enter, or press ? or * to list all spells.
Aiming: Sting
Press: ? - help, Shift-Dir - straight line, f - sky beast
Aim: a sky beast (resting)
You miscast Sting.
You are very lightly contaminated with residual magic.
Nothing appears to happen.
You scratch the sky beast.
The sky beast is moderately wounded.
The sky beast hits you. The sky beast shocks you.
Ouch! That really hurt!
You die...

#.#.# #
#...#.#
##..#.#
#.....#
#...#######
#..........
#...#######
#...#.....#
#...@Y..#
#...#.#.#
###.#<#
.>#.#
.....#
.#.##.#
#.#. .. #
#! ##


You could see a sky beast.

Vanquished Creatures
  An adder (D:2)
  An adder skeleton (D:5)
  A dart slug (D:1)
  2 bats
  A goblin (D:1)
  3 jackals
  2 frilled lizards
  2 kobolds
13 creatures vanquished.

Notes
Turn   | Place    | Note
-------+----------+-------------------------------------------
     0 | D:1      | Iko the Felid Venom Mage began the quest for the Orb.
     0 | D:1      | Reached XP level 1. HP: 7/7 MP: 4/4
    61 | D:1      | Reached skill level 1 in Conjurations
   150 | D:2      | Reached skill level 3 in Poison Magic
   150 | D:2      | Reached XP level 2. HP: 11/11 MP: 4/6
   366 | D:5      | Entered Level 5 of the Dungeon
   433 | D:5      | Noticed a sky beast
   437 | D:5      | Slain by a sky beast

Skill      XL: |  1 |
---------------+----+-----
Conjurations   | 1 |  1.3
Poison Magic   | 3 |  3.2
Dodging        | |  2.8
Stealth        | |  2.9
Unarmed Combat | |  0.3
Spellcasting   | |  2.2

Action                   || total
-------------------------++-------
Melee: Unarmed           ||    28
       Bite              ||     1
 Cast: Sting             ||    14
  Use: Potion            ||     5
       Scroll            ||     3
 Stab: Sleeping          ||     1
Armor: Skin              ||     1
Dodge: Dodged            ||    17
